 Dungeon Crawl Stone Soup version 0.30.0-5-g1a98f26d00 (webtiles) character file.

Game seed: 2683722306507735771

121 Jarnaxa the Trooper (level 5, -3/47 HPs)
             Began as a Hill Orc Monk on May 11, 2023.
             Killed from afar by Ijyb (11 damage)
             ... with a bolt of dispelling energy
             ... on level 3 of the Dungeon.
             The game lasted 00:03:06 (1993 turns).

Jarnaxa the Trooper (Hill Orc Monk)                 Turns: 1993, Time: 00:03:07

Health: -3/47      AC:  6    Str: 16    XL:     5   Next: 5%
Magic:  5/5        EV: 11    Int: 10    God:
Gold:   71         SH:  0    Dex: 13    Spells: 4/4 levels left

rFire   . . .        a - +0 falchion
rCold   . . .        d - orb {light}
rNeg    . . .        j - +0 ring mail
rPois   .            (no helmet)
rElec   .            (no cloak)
rCorr   .            (no gloves)
SInv    .            g - +0 pair of boots
Will    .....        (no amulet) Stlth
                     (no ring)
HPRegen 0.27/turn    (no ring)
MPRegen 0.09/turn

%: no passive effects
@: confused, ambrosia-drunk, glowing
A: no striking features
a: no special abilities


You were on level 3 of the Dungeon.
You visited 1 branch of the dungeon, and saw 3 of its levels.

You collected 71 gold pieces.

Inventory:

Hand Weapons
 a - a +0 falchion (weapon)
Armour
 d - an orb of light (worn)
 g - a +0 pair of boots (worn)
 j - a +0 ring mail (worn)
Scrolls
 i - a scroll of identify
 k - a scroll of blinking
Potions
 b - 2 potions of brilliance
 h - a potion of degeneration


   Skills:
 + Level 4.3 Fighting
 + Level 4.1 Long Blades
 + Level 2.0 Armour
 + Level 3.0 Dodging
 + Level 1.1 Stealth


You had 4 spell levels left.
You didn't know any spells.
Your spell library contained the following spells:

 Spells                   Type           Power      Damage    Failure   Level
 Dazzling Flash           Conj/Hex       0%         N/A       91%         3
 Agony                    Necr           0%         N/A       100%        5
 Silence                  Hex/Air        0%         N/A       100%        5


Dungeon Overview and Level Annotations

Branches:
Dungeon (3/15)

Altars:

Annotations:
D:3 Ijyb


Message History

The orc hits you with a +0 hand axe. The worm bites you.
You hit the worm.
You kill the worm!
Ijyb screams, "I no like you!"
Ijyb zaps a wand.
The bolt of dispelling energy misses you.
The orc hits you but does no damage. The orc hits you with a +0 hand axe.
Ijyb zaps a wand.
The bolt of dispelling energy hits you!
* * * LOW HITPOINT WARNING * * *
You hit the orc.
The orc is moderately wounded.
The orc barely misses you.
You barely miss the orc.
The orc is moderately wounded.
The orc misses you. Ijyb hits you but does no damage.
You hit the orc but do no damage.
The orc is moderately wounded.
The orc barely misses you. Ijyb hits you with a +0 dagger.
* * * LOW HITPOINT WARNING * * *
You hit the orc but do no damage.
The orc is moderately wounded.
The orc barely misses you. Ijyb hits you but does no damage.
You slash the orc!
You kill the orc!
Ijyb zaps a wand.
The bolt of dispelling energy hits you.
* * * LOW HITPOINT WARNING * * *
You completely miss Ijyb. Ijyb barely misses you.
You barely miss Ijyb. Ijyb barely misses you.
You barely miss Ijyb. Ijyb hits you with a +0 dagger.
* * * LOW HITPOINT WARNING * * *
You hit Ijyb.
Ijyb is lightly wounded.
Ijyb hits you but does no damage.
You are confused.
You feel invigorated. Ijyb hits you but does no damage.
You hit Ijyb.
Ijyb is moderately wounded.
Ijyb zaps a wand.
The bolt of dispelling energy hits you!
Your magical effects are unravelling.
You die...

#.. #...#
#..###.#.####
#...........
.........#.#
...........#
...........#
...........#
.........)g#
.........†@#
##.....#####
#..... ##....
#..## ....
..#.


You could see Ijyb.

Vanquished Creatures
  A hound (D:3)
  5 adders (D:2)
  A worm (D:3)
  A dart slug (D:2)
  An orc (D:3)
  5 ball pythons
  3 bats
  5 endoplasms
  4 giant cockroaches
  2 hobgoblins (D:2)
  5 kobolds
  4 frilled lizards
  2 goblins (D:1)
  4 rats
43 creatures vanquished.

Notes
Turn   | Place    | Note
-------+----------+-------------------------------------------
     0 | D:1      | Jarnaxa the Hill Orc Monk began the quest for the Orb.
     0 | D:1      | Reached XP level 1. HP: 19/19 MP: 1/1
   179 | D:1      | Reached XP level 2. HP: 27/27 MP: 2/2
   971 | D:2      | Reached XP level 3. HP: 30/33 MP: 3/3
  1085 | D:2      | Reached skill level 1 in Armour
  1289 | D:2      | Reached XP level 4. HP: 35/40 MP: 4/4
  1342 | D:2      | Reached skill level 1 in Stealth
  1955 | D:3      | Noticed Ijyb
  1969 | D:3      | Reached XP level 5. HP: 27/47 MP: 5/5
  1990 | D:3      | HP: 1/47 [Ijyb/+0 dagger (3)]
  1993 | D:3      | Killed from afar by Ijyb

Illustrated notes

Levels and vault maps discovered:
D:1:      lightli_arrival_lavapool, layout_loops_ring, serial_glass,
          glass_columns_a, glass_columns_b, roderic_malta_cross
D:2:      layout_loops_ring
D:3:      layout_basic, ebering_ghost_rock_garden, uniq_ijyb

Skill      XL: |  1  2  3  4 |
---------------+-------------+-----
Fighting       | 4 |  4.3
Armour         | 1 2 |  2.0
Dodging        | 3 |  3.0
Stealth        | 1 |  1.1
Long Blades    | 4 |  4.1

Action                     |  1- 3 |  4- 6 || total
---------------------------+-------+-------++-------
  Melee: Falchion          |    78 |    91 ||   169
    Use: Scroll            |       |     7 ||     7
         Potion            |       |     2 ||     2
 Armour: Robe              |     9 |       ||     9
         Ring mail         |    11 |    50 ||    61
  Dodge: Dodged            |    44 |    69 ||   113
